 Dungeon Crawl Stone Soup version 0.28.0-53-g5a82cb258f (webtiles) character file.

Game seed: 4243218962735616135

26144 quixfox the Severer (level 13, -5/119 HPs)
             Began as a Hill Orc Fighter on July 9, 2022.
             Was the Champion of Okawaru.
             Shot with a bolt by a yaktaur captain (29 damage)
             ... on level 13 of the Dungeon on July 10, 2022.
             The game lasted 00:35:58 (16078 turns).

quixfox the Severer (Hill Orc Fighter)             Turns: 16078, Time: 00:35:59

Health: -5/119     AC: 31    Str: 24    XL:     13   Next: 24%
Magic:  17/19      EV: 10    Int:  8    God:    Okawaru [******]
Gold:   626        SH:  0    Dex: 16    Spells: 12/12 levels left

rFire   . . .      SeeInvis .   r - +4 battleaxe (freeze)
rCold   . . .      Faith    +   (shield currently unavailable)
rNeg    . . .      Spirit   .   B - +4 plate armour "Zibiatom" {rElec}
rPois   +          Reflect  .   F - +2 helmet
rElec   +          Harm     .   g - +2 cloak
rCorr   +          Rampage  .   (no gloves)
Will    +....                   b - +0 pair of boots
Stlth   ..........              u - amulet of faith
HPRegen 0.29/turn               I - ring "Izaeps Tair" {rPois Will+ rCorr Dex+6}
MPRegen 0.16/turn               s - +4 ring of slaying

@: heroic
A: no striking features
a: Renounce Religion, Heroism, Finesse, Duel


You were on level 13 of the Dungeon.
You worshipped Okawaru.
Okawaru was exalted by your worship.
You visited 2 branches of the dungeon, and saw 14 of its levels.
You also visited: Sewer and Bailey.

You collected 1758 gold pieces.
You spent 1132 gold pieces at shops.

Inventory:

Hand Weapons
 r - a +4 battleaxe of freezing (weapon)
Missiles
 f - 11 boomerangs (quivered)
 x - 14 silver javelins
 D - 8 javelins
Armour
 b - a +0 pair of boots (worn)
 c - a +0 buckler
 g - a +2 cloak (worn)
 B - the +4 plate armour "Zibiatom" (worn) {rElec}
   (You found it in a bailey)

   rElec:     It insulates you from electricity.
 F - a +2 helmet (worn)
Jewellery
 s - a +4 ring of slaying (right hand)
 u - an amulet of faith (around neck)
 v - a +4 ring of evasion
 y - a ring of see invisible
 H - an amulet of regeneration
 I - the ring "Izaeps Tair" (left hand) {rPois Will+ rCorr Dex+6}
   (You bought it in a shop on level 11 of the Dungeon)

   [ring of willpower]

   Dex:       It affects your dexterity (+6).
   rPois:     It protects you from poison.
   rCorr:     It protects you from acid and corrosion.
   Will:      It increases your willpower.
 J - a ring of protection from cold
Wands
 l - a wand of polymorph (15)
 K - a wand of acid (5)
Scrolls
 d - a scroll of fear
 i - 3 scrolls of enchant weapon
 j - 3 scrolls of blinking
 o - 4 scrolls of magic mapping
 p - a scroll of silence
 w - 3 scrolls of fog
 z - a scroll of enchant armour
 C - a scroll of amnesia
 E - 2 scrolls of brand weapon
 G - 3 scrolls of identify
 M - a scroll of teleportation
Potions
 a - a potion of cancellation
 e - 4 potions of heal wounds
 h - 5 potions of resistance
 k - a potion of haste
 m - a potion of lignification
 n - 4 potions of curing
 q - 3 potions of mutation
 t - 3 potions of brilliance
 A - 2 potions of magic
 L - 2 potions of flight {unknown}


   Skills:
 + Level 12.9(17.9) Fighting
 * Level 18.7(23.7) Axes
 + Level 3.7(8.7) Throwing
 + Level 11.9(16.9) Armour
 - Level 3.2(8.2) Shields
 - Level 8.1 Invocations


You had 12 spell levels left.
You didn't know any spells.
Your spell library contained the following spells:

 Spells                   Type           Power      Damage    Failure   Level
 Sting                    Tmut/Pois      0%         1d3       96%         1
 Poisonous Vapours        Pois/Air       0%         N/A       99%         2
 Olgreb's Toxic Radiance  Pois           0%         N/A       100%        4
 Passage of Golubria      Tloc           0%         N/A       100%        4
 Blade Hands              Tmut           0%         N/A       100%        5
 Fireball                 Conj/Fire      0%         3d3       100%        5
 Irradiate                Conj/Tmut      0%         3d13      100%        5
 Iskenderun's Battlesphe  Conj           0%         2d6       100%        5
 Silence                  Hex/Air        0%         N/A       100%        5
 Conjure Ball Lightning   Conj/Air       0%         3x3d6     100%        6
 Dragon Form              Tmut           0%         N/A       100%        7
 Orb of Destruction       Conj           0%         9d5       100%        7
 Lehudib's Crystal Spear  Conj/Erth      0%         10d2      100%        8


Dungeon Overview and Level Annotations

Branches:
Dungeon (13/15)            Temple (1/1) D:7            Lair (0/6) D:10
    Orc (0/2) D:11          Sewer (visited)          Bailey (visited)
 Vaults: D:13-14

Altars:
Ashenzari
Cheibriados
Dithmenos
Elyvilon
Fedhas
Gozag
Hepliaklqana
Kikubaaqudgha
Makhleb
Nemelex Xobeh
Okawaru
Qazlal
Ru
Sif Muna
Trog
Uskayaw
Vehumet
Wu Jian
Xom
Yredelemnul
Zin
The Shining One

Shops:
D:4 [   D:11 =

Annotations:
D:4 1 runed translucent door, jjjjhere's ghost, weakling TrDe
D:6 1 runed translucent door, mdk's ghost, novice DECj
D:11 3 runed translucent doors, Selrock's ghost, journeyman TrMo
D:13 3 runed translucent doors, Fasaid's ghost, journeyman GnWr


Message History

You slice the slime creature!! You freeze the slime creature.
You kill the slime creature!
Okawaru accepts your kill.
M - a scroll of teleportation
x - 14 silver javelins (gained 5)
Found an escape hatch in the ceiling.
Found a club.
Found a stone staircase leading down.
There is an escape hatch in the ceiling here.
Found a robe.
The slime creature quivers. x2
The great orb of eyes turns its gaze towards you.
The azure jelly quivers.
The acid blob quivers.
The slime creature quivers.
Fasaid's ghost turns its malevolent gaze towards you.
The rockslime quivers.
The slime creature quivers.
Found 20 bolts.
The azure jelly jiggles.
Two slime creatures merge to form a large slime creature.
A slime creature merges with something you can't see.
Found a hand axe.
Found a stone staircase leading up.
Found 11 stones.
Found 23 stones.
You see here 23 stones.
Found a scale mail.
Things that are here:
a +0 arbalest; 31 bolts; a scroll of immolation A yaktaur captain comes into view.
The yaktaur captain shouts!
The yaktaur captain wields a +0 arbalest.
The yaktaur captain shoots a bolt.
The bolt hits you!!
The yaktaur captain shoots a bolt.
The bolt hits you!!
The yaktaur captain shoots a bolt.
The bolt hits you!!
You start resting.
A yaktaur captain is nearby!
You gain the combat prowess of a mighty hero.
The yaktaur captain shoots a bolt.
The bolt hits you!!
* * * LOW HITPOINT WARNING * * *
The yaktaur captain shoots a bolt.
The bolt hits you!!
You die...

....# #.# #.......# ....#
#.# #.......# ....# #.#
#.......# ....# #(#
#.......# ....# #[#
#.#####.# ###.#######)#
#.### .# #.......[.#
#...#
#.......).#########.#.###
#..........^..@..........
#.........#######c#.#.#..
###.........# #........
............# ##.#.###..
###.........# #....# .
#.........# #..#[#...
#.........######.........
#........................
#........................


You could see a yaktaur captain.

Vanquished Creatures
  Snorg (D:9)
  Josephine (D:13)
  A rakshasa (D:12)
  A death knight (D:11)
  2 two-headed ogres (D:12)
  2 tengu warriors (D:13)
  3 skeletal warriors
  A deep elf pyromancer (D:13)
  3 cyclopes
  A manticore (D:12)
  3 ugly things
  2 gargoyles
  A guardian serpent (shapeshifter) (D:12)
  A kobold demonologist (D:11)
  3 unseen horrors
  Psyche (D:12)
  A komodo dragon (D:12)
  7 yaktaurs (D:13)
  2 tengu conjurers (D:13)
  4 trolls
  A hornet (D:8)
  4 slime creatures (D:13)
  Grinder (D:4)
  A meliai zombie (D:11)
  2 shadows
  10 yaks
  Sigmund (D:6)
  4 wraiths (D:13)
  3 wyverns
  A vampire (Bailey)
  A basilisk (D:10)
  3 steam dragons
  2 acid dragons
  5 water moccasins
  A hornet zombie (D:8)
  2 ice beasts (D:7)
  3 orc warriors
  2 black bears
  A necrophage (D:7)
  2 sky beasts
  7 ogres
  4 wolves (D:10)
  9 centaurs
  Blork the orc (D:4)
  4 kobold brigands
  2 bullfrogs
  5 scorpions
  2 gnoll sergeants
  5 wights (D:6)
  3 electric eels (D:10)
  7 vampire bats (Bailey)
  2 howler monkeys
  5 wolf zombies (Bailey)
  2 bullfrog zombies
  5 centaur zombies
  2 hounds
  A jelly (D:4)
  7 orc priests
  A scorpion zombie (D:5)
  3 iguanas
  6 orc wizards
  2 killer bee zombies (D:7)
  2 howler monkey zombies
  7 gnolls
  2 howler monkey skeletons (D:7)
  5 adders
  A shadow imp (D:3)
  2 white imps
  5 dart slugs
  16 orcs
  6 ball pythons
  3 bats (D:2)
  8 endoplasms
  4 giant cockroaches
  6 goblins
  8 hobgoblins
  3 jackals
  4 quokkas
  3 frilled lizards
  15 kobolds
  26 orc zombies (Bailey)
  6 rats
308 creatures vanquished.

Vanquished Creatures (others)
  A centaur (D:10)
  An orc wizard (D:13)
  2 fungi (D:10)
  13 plants
  4 toadstools (D:5)
21 creatures vanquished.

Grand Total: 329 creatures vanquished

Notes
Turn   | Place    | Note
-------+----------+-------------------------------------------
     0 | D:1      | quixfox the Hill Orc Fighter began the quest for the Orb.
     0 | D:1      | Reached XP level 1. HP: 19/19 MP: 1/1
   161 | D:1      | Reached skill level 3 in Axes
   173 | D:1      | Reached XP level 2. HP: 27/27 MP: 2/2
   631 | D:1      | Reached XP level 3. HP: 11/33 MP: 3/3
  1038 | D:2      | Reached skill level 4 in Axes
  1143 | D:2      | Found a burning altar of Makhleb.
  1224 | D:2      | Reached XP level 4. HP: 36/40 MP: 4/4
  1631 | D:3      | Found a faded altar of an unknown god.
  1784 | D:3      | Found a sacrificial altar of Ru.
  2339 | D:4      | Noticed Blork the orc
  2397 | D:4      | Reached skill level 5 in Axes
  2397 | D:4      | Reached XP level 5. HP: 47/47 MP: 5/5
  2598 | D:4      | Noticed a steam dragon
  2602 | D:4      | Killed Blork the orc
  2603 | D:4      | Reached skill level 5 in Fighting
  2603 | D:4      | Reached skill level 6 in Axes
  2603 | D:4      | Reached XP level 6. HP: 48/56 MP: 6/6
  2607 | D:4      | Killed a steam dragon
  2608 | D:4      | Reached skill level 5 in Armour
  2613 | D:4      | Found a runed translucent door.
  2634 | D:4      | Noticed jjjjhere's ghost (weakling TrDe)
  2647 | D:4      | Identified the +3 robe "Garghuina" {Int+5 Stlth+}
  2728 | D:4      | Noticed Grinder
  2746 | D:4      | Killed Grinder
  2747 | D:4      | Reached skill level 7 in Axes
  2747 | D:4      | Reached XP level 7. HP: 52/62 MP: 7/7
  2821 | D:4      | Found Zilusokk's Antique Armour Shop.
  2822 | D:4      | Found an iron altar of Okawaru.
  2832 | D:4      | Became a worshipper of Warmaster Okawaru
  2944 | D:5      | Entered Level 5 of the Dungeon
  3070 | D:5      | Found a sparkling altar of Nemelex Xobeh.
  3081 | D:5      | Reached skill level 8 in Axes
  3164 | D:5      | Noticed a wyvern
  3176 | D:5      | Killed a wyvern
  3177 | D:5      | Reached XP level 8. HP: 71/71 MP: 8/8
  3311 | D:5      | Reached * piety under Okawaru
  3597 | D:5      | Found an opulent altar of Gozag.
  3598 | D:5      | Found a shimmering blue altar of Sif Muna.
  3607 | D:5      | Reached skill level 9 in Axes
  4072 | D:6      | Found a glowing drain.
  4076 | Sewer    | Entered a sewer
  4270 | D:6      | Found a runed translucent door.
  4270 | D:6      | Noticed mdk's ghost (novice DECj)
  4388 | D:6      | Noticed Sigmund
  4404 | D:6      | Killed Sigmund
  4405 | D:6      | Reached skill level 10 in Axes
  4776 | D:6      | Reached ** piety under Okawaru
  4777 | D:6      | Reached XP level 9. HP: 76/77 MP: 9/9
  4951 | D:6      | Reached skill level 11 in Axes
  5677 | D:7      | Found a staircase to the Ecumenical Temple.
  5687 | D:7      | Reached *** piety under Okawaru
  5688 | D:7      | Reached skill level 12 in Axes
  5691 | Temple   | Entered the Ecumenical Temple
  6903 | D:7      | Reached XP level 10. HP: 84/91 MP: 10/10
  7046 | D:7      | Reached skill level 13 in Axes
  7952 | D:8      | Reached skill level 1 in Invocations
  8079 | D:8      | Identified a scroll of acquirement
  8080 | D:8      | Acquired 1085 gold pieces
  8791 | D:9      | Found a flagged portal.
  8806 | Bailey   | Entered a bailey
  9210 | Bailey   | Reached **** piety under Okawaru
  9311 | Bailey   | Identified the +4 plate armour "Zibiatom" {rElec}
  9526 | Bailey   | Noticed a gargoyle
  9540 | Bailey   | Killed a gargoyle
  9541 | Bailey   | Reached skill level 14 in Axes
 10147 | D:9      | Reached skill level 10 in Fighting
 10461 | D:9      | Reached XP level 11. HP: 80/100 MP: 14/14
 10776 | D:10     | Entered Level 10 of the Dungeon
 10777 | D:10     | Noticed Snorg
 10800 | D:9      | Killed Snorg
 10800 | D:9      | Received a gift from Okawaru
 10801 | D:9      | Reached skill level 15 in Axes
 10801 | D:9      | Reached skill level 5 in Invocations
 11243 | D:10     | Reached ***** piety under Okawaru
 11259 | D:10     | Received a gift from Okawaru
 11512 | D:10     | Found a staircase to the Lair.
 11546 | D:10     | Found a shimmering altar of Xom.
 11550 | D:10     | Found a shimmering altar of Xom.
 11550 | D:10     | Found a shimmering altar of Xom.
 11550 | D:10     | Found a shimmering altar of Xom.
 11550 | D:10     | Found a shimmering altar of Xom.
 11558 | D:10     | Found a shimmering altar of Xom.
 11578 | D:10     | Reached skill level 10 in Armour
 12129 | D:11     | Found a staircase to the Orcish Mines.
 12176 | D:11     | Found a runed translucent gate.
 12176 | D:11     | Found a runed translucent gate.
 12176 | D:11     | Found a runed translucent gate.
 12176 | D:11     | Noticed Selrock's ghost (journeyman TrMo)
 12248 | D:11     | Found Foimiukk's Jewellery Boutique.
 12256 | D:11     | Bought the ring "Izaeps Tair" {rPois Will+ rCorr Dex+6} for
                  | 652 gold pieces
 12695 | D:11     | Reached skill level 16 in Axes
 12874 | D:11     | Noticed a purple ugly thing
 12879 | D:11     | Killed a purple ugly thing
 12965 | D:11     | Noticed a death knight
 12977 | D:11     | Killed a death knight
 12977 | D:11     | Identified the +5 hand axe of the Gloaming {freeze, Str+2}
                  | (Okawaru gifted it to you on level 11 of the Dungeon)
 12977 | D:11     | Received a gift from Okawaru
 13192 | D:11     | Bought an amulet of faith for 480 gold pieces
 13296 | D:12     | Noticed a manticore
 13298 | D:12     | Reached XP level 12. HP: 108/110 MP: 17/17
 13462 | D:12     | Noticed a two-headed ogre
 13471 | D:12     | Killed a two-headed ogre
 13690 | D:12     | Reached skill level 17 in Axes
 13712 | D:12     | Noticed a two-headed ogre
 13719 | D:12     | Killed a two-headed ogre
 13719 | D:12     | Received a gift from Okawaru
 13719 | D:12     | Reached ****** piety under Okawaru
 13727 | D:12     | Found a bloodstained altar of Trog.
 13782 | D:12     | Noticed Psyche
 13791 | D:12     | Killed Psyche
 14025 | D:12     | Noticed a rakshasa
 14045 | D:12     | Killed a rakshasa
 14046 | D:12     | Reached skill level 1 in Throwing
 14445 | D:13     | Noticed a tengu warrior
 14448 | D:13     | Noticed Josephine
 14454 | D:13     | Killed a tengu warrior
 14454 | D:13     | Identified the +0 kite shield of Fortitude {Rampage Str-2
                  | Int+3} (Okawaru gifted it to you on level 13 of the
                  | Dungeon)
 14454 | D:13     | Received a gift from Okawaru
 14466 | D:13     | Killed Josephine
 14488 | D:13     | Reached skill level 18 in Axes
 14893 | D:12     | Reached XP level 13. HP: 15/119 MP: 19/19
 15779 | D:13     | Received a gift from Okawaru
 15898 | D:13     | Found a runed translucent gate.
 15898 | D:13     | Found a runed translucent gate.
 15899 | D:13     | Found a runed translucent gate.
 15899 | D:13     | Noticed a great orb of eyes
 15899 | D:13     | Noticed an azure jelly
 15899 | D:13     | Noticed an acid blob
 15899 | D:13     | Noticed Fasaid's ghost (journeyman GnWr)
 15899 | D:13     | Noticed a rockslime
 15899 | D:13     | Noticed an azure jelly
 15899 | D:13     | Noticed an acid blob
 16064 | D:13     | Noticed a yaktaur captain
 16078 | D:13     | Shot with a bolt by a yaktaur captain

Illustrated notes

Levels and vault maps discovered:
D:1:      dpeg_arrival_rooms_a, layout_rooms
D:2:      layout_basic, basic_altar
D:3:      layout_loops_ring, nicolae_ru_sacrificial_ziggurat,
          dreamdust_ecumenical_altar_statues
D:4:      layout_rooms, mainiacjoe_overflow_chevrons, ebering_ghost_sewer_d,
          serial_shops, shop, hangedman_abyss_or_decor_stagger, uniq_grinder,
          uniq_blork_the_orc
D:5:      layout_loops_ring, nemelex_dance_club_becter,
          chequers_temple_overflow_statue_of_worship, minmay_gold_behind_fungi
D:6:      layout_gridville, ebering_ghost_inner_flame, gup_sewer_entry_bowl,
          minmay_misc_feat_pillars, grunt_ministairs_10, uniq_sigmund
D:7:      minmay_recursive_quarters, layout_basic,
          minmay_temple_entry_sparse_star
D:8:      layout_layer_cave
D:9:      layout_irregular_city, enter_bailey_2
D:10:     layout_basic, xom_redecorated, minmay_lair_entry_grove,
          fungi_pond_lemuel, st_stairs_9, uniq_snorg
D:11:     layout_loops_corners, orc_0_dummy, ebering_ghost_rock_garden,
          serial_shops, shop_statue, grunt_ministairs_12
D:12:     layout_rooms, grunt_ogre_cave, trog_butcher_becter, uniq_psyche
D:13:     layout_small_grid, david_vaults_2, gammafunk_ghost_ooze,
          minmay_misc_feat_ornament, minmay_misc_feat_iff, chequers_arboretum,
          uniq_josephine
Temple:   eino_temple_scatter_basement

Skill      XL: |  1  2  3  4  5  6  7  8  9 10 11 12 13 |
---------------+----------------------------------------+-----
Axes           | 3 4 5 6 7 8 10 12 14 16 18 | 18.7
Fighting       | 4 5 6 7 9 10 11 12 | 12.9
Armour         | 4 5 6 8 9 10 11 | 11.9
Invocations    | 4 7 8 |  8.1
Throwing       | 2 3 |  3.7
Shields        | |  3.2

Action                   |  1- 3 |  4- 6 |  7- 9 | 10-12 | 13-15 || total
-------------------------+-------+-------+-------+-------+-------++-------
Melee: War axe           |    89 |    95 |   115 |       |       ||   299
       Battleaxe         |       |       |    85 |   485 |    33 ||   603
Throw: Boomerang         |       |       |     1 |    28 |     6 ||    35
Invok: Heroism           |       |       |     4 |     8 |     2 ||    14
       Finesse           |       |       |       |     1 |       ||     1
  Use: Potion            |       |     1 |       |       |       ||     1
       Scroll            |       |       |    17 |    10 |       ||    27
Armor: Scale mail        |    50 |    10 |       |       |       ||    60
       Chain mail        |       |    48 |    82 |       |       ||   130
       Plate armour      |       |       |    10 |   320 |    33 ||   363
Dodge: Dodged            |    47 |    39 |    73 |   261 |    15 ||   435
Block: Buckler           |    20 |    24 |    15 |       |       ||    59
